 Dungeon Crawl Stone Soup version 0.29.1-1-gd02db6906a (webtiles) character file.

Game seed: 16416521586439000201

1096 mortz the Conjurer (level 8, -4/59 HPs)
             Began as a Yellow Draconian Conjurer on Sept 17, 2022.
             Killed from afar by an electric eel (17 damage)
             ... with a bolt of electricity
             ... on level 6 of the Dungeon.
             The game lasted 00:23:51 (6924 turns).

mortz the Conjurer (Yellow Draconian Conjurer)      Turns: 6924, Time: 00:23:52

Health: -4/59      AC:  8    Str: 10    XL:     8   Next: 10%
Magic:  7/15       EV: 12    Int: 21    God:
Gold:   256        SH:  0    Dex:  9    Spells: 13/16 levels left

rFire   . . .      SeeInvis .   d - +1 dagger (venom)
rCold   . . .      Faith    .   (no shield)
rNeg    . . .      Spirit   .   (body armour unavailable)
rPois   .          Reflect  .   (helmet restricted)
rElec   .          Harm     .   (no cloak)
rCorr   +          Rampage  .   (no gloves)
Will    .....                   l - +1 pair of boots
Stlth   ++........              o - amulet of magic regeneration
HPRegen 0.19/turn               (no ring)
MPRegen 0.54/turn               (no ring)

@: short of breath
A: spit acid, AC +6, unfitting armour, cold-blooded, acid resistance
a: Breathe Acid


You were on level 6 of the Dungeon.
You visited 1 branch of the dungeon, and saw 6 of its levels.

You collected 256 gold pieces.

Inventory:

Hand Weapons
 d - a +1 dagger of venom (weapon)
 f - a +0 dagger
 i - a +0 rapier
Missiles
 k - 2 throwing nets
Armour
 l - a +1 pair of boots (worn)
Jewellery
 o - an amulet of magic regeneration (around neck)
Scrolls
 g - a scroll of blinking
 m - 2 scrolls of teleportation
 q - a scroll of fear
Potions
 a - a potion of magic
 b - a potion of lignification {unknown}
 c - 3 potions of flight
 e - a potion of haste {unknown}
 h - a potion of might {unknown}
 j - 5 potions of heal wounds {unknown}
 n - 6 potions of curing {unknown}
 p - 2 potions of resistance
 s - a potion of cancellation {unknown}


   Skills:
 + Level 1.0 Fighting
 + Level 1.0 Short Blades
 + Level 3.4 Dodging
 + Level 4.7 Stealth
 + Level 4.9 Spellcasting
 + Level 6.8 Conjurations


You had 13 spell levels left.
You knew the following spells:

 Your Spells              Type           Power      Damage    Failure   Level
a - Magic Dart            Conj           100%       1d8       1%          1
b - Searing Ray           Conj           68%        2d6       1%          2

Your spell library contained the following spells:

 Spells                   Type           Power      Damage    Failure   Level
 Static Discharge         Conj/Air       19%        3-6/arc   4%          2
 Dazzling Flash           Conj/Hex       38%        N/A       8%          3
 Fulminant Prism          Conj/Hex       9%         3d7       26%         4
 Iskenderun's Mystic Bla  Conj/Tloc      19%        2d6       26%         4
 Frozen Ramparts          Ice            10%        1d2       32%         3
 Lightning Bolt           Conj/Air       9%         1d22      58%         5
 Ice Form                 Ice/Tmut       5%         N/A       73%         4
 Summon Ice Beast         Ice/Summ       5%         N/A       73%         4
 Maxwell's Capacitive Co  Air            2%         ∞         100%        8


Dungeon Overview and Level Annotations

Branches:
Dungeon (6/15) Zot: 26722
 Temple: D:4-7

Altars:
Wu Jian

Annotations:
D:4 2 transporters, Edmund


Innate Abilities, Weirdness & Mutations

You can spit globs of acid.
Your golden yellow scales are hard. (AC +6)
You cannot fit into any form of body armour.
You are cold-blooded and may be slowed by cold attacks.
You are resistant to acid. (rCorr)


Message History

Unknown command.
Casting: Searing Ray (safe; 1% risk of failure)
Confirm with . or Enter, or press ? or * to list all spells.
Restarting spell: Searing Ray (safe; 1% risk of failure)
Press: ? - help, Shift-Dir - straight line, f - electric eel
Aim: an electric eel (68% to hit)
The searing ray hits the electric eel.
The electric eel is moderately wounded. (Press . to maintain the ray.)
The searing ray misses the electric eel.
The electric eel shoots out a bolt of lightning at you!
The bolt of electricity hits you!
The searing ray misses the electric eel.
The electric eel shoots out a bolt of lightning at you!
The bolt of electricity hits you.
The searing ray misses the electric eel.
You finish channelling your searing ray.
The electric eel shoots out a bolt of lightning at you!
The bolt of electricity hits you!
Casting: Searing Ray (safe; 1% risk of failure)
Confirm with . or Enter, or press ? or * to list all spells.
Aiming: Searing Ray (safe; 1% risk of failure)
Press: ? - help, Shift-Dir - straight line, f/p - electric eel
Aim: an electric eel (moderately wounded, 68% to hit)
The searing ray hits the electric eel.
The electric eel is severely wounded. (Press . to maintain the ray.)
The electric eel shoots out a bolt of lightning at you!
The bolt of electricity hits the plant!
The bolt of electricity hits the electric eel.
The electric eel completely resists.
The bolt of electricity hits you!
The searing ray hits the electric eel!
You kill the electric eel!
You hear a splash.
The electric eel shoots out a bolt of lightning at you!
The bolt of electricity hits the plant!
The bolt of electricity hits you.
* * * LOW HITPOINT WARNING * * *
The electric eel shoots out a bolt of lightning at you!
The bolt of electricity hits the plant!
The bolt of electricity hits you!
You die...

#.# .. #.##..# # #.##..#
#.##..# #.##..# #.##..#
##### #.##..# .Y. ##...##
#.##..# ....
#.....#####.##.@##♣~~~~.
#................†~~P~~~
#.....#####.....~~~~PS~≈~S~
##...## ###....~~~~~~≈≈≈
##.## #.###.♣♣♣~~~≈~
#.#########.# ...♣♣♣~~ ~
#........##.#.#.#..##.S ♣
########.##.#.#.#..##.#
♣♣♣♣♣# #>##.#.#.#..##.#
#.....


You could see an electric eel.

Vanquished Creatures
  2 ice beasts
  A black bear (D:5)
  An ogre (D:5)
  A centaur (D:5)
  A phantom (D:5)
  An electric eel (D:6)
  5 hounds
  2 gnoll boudas
  A jelly (D:5)
  An orc wizard (D:4)
  8 gnolls
  10 adders
  A shadow imp (D:5)
  2 ufetubi (D:4)
  4 worms
  5 dart slugs
  3 orcs
  4 bats
  7 endoplasms
  2 giant cockroaches (D:1)
  12 goblins
  3 hobgoblins
  8 quokkas
  9 ball pythons
  4 frilled lizards
  8 kobolds
  3 rats (D:1)
109 creatures vanquished.

Vanquished Creatures (others)
  17 plants
17 creatures vanquished.

Grand Total: 126 creatures vanquished

Notes
Turn   | Place    | Note
-------+----------+-------------------------------------------
     0 | D:1      | mortz the Draconian Conjurer began the quest for the Orb.
     0 | D:1      | Reached XP level 1. HP: 14/14 MP: 3/3
   255 | D:1      | Reached XP level 2. HP: 20/20 MP: 1/5
   271 | D:1      | Learned a level 2 spell: Searing Ray
  1326 | D:2      | Reached XP level 3. HP: 26/26 MP: 2/6
  1381 | D:2      | Reached skill level 5 in Conjurations
  1660 | D:2      | Reached XP level 4. HP: 33/33 MP: 3/7
  2673 | D:3      | Noticed a golden eye
  2722 | D:3      | Found an ornate altar of the Wu Jian Council.
  2926 | D:3      | Noticed an eye of devastation
  2928 | D:3      | Found a faded altar of an unknown god.
  2929 | D:3      | Noticed an eye of devastation
  2929 | D:3      | Noticed a floating eye
  3917 | D:4      | Reached XP level 5. HP: 38/38 MP: 3/9
  4082 | D:4      | Noticed Edmund
  4596 | D:4      | Reached XP level 6. HP: 29/45 MP: 6/10
  4759 | D:4      | Found a transporter.
  4760 | D:4      | Noticed an ice beast
  4760 | D:4      | Noticed an ice beast
  4793 | D:4      | Found a transporter.
  5175 | D:5      | Entered Level 5 of the Dungeon
  5404 | D:5      | Reached skill level 6 in Conjurations
  5607 | D:5      | Your scales start taking on a golden yellow colour.
  5607 | D:5      | Reached XP level 7. HP: 37/51 MP: 3/12
  5607 | D:5      | Gained mutation: You are resistant to acid. (rCorr) [Yellow
                  | Draconian growth]
  6918 | D:6      | Reached skill level 1 in Fighting
  6918 | D:6      | Reached skill level 1 in Short Blades
  6918 | D:6      | Reached XP level 8. HP: 59/59 MP: 12/15
  6924 | D:6      | Killed from afar by an electric eel

Illustrated notes

Levels and vault maps discovered:
D:1:      dpeg_arrival_simpleton_b, layout_basic
D:2:      minmay_diamond_boxcup, layout_loops_ring
D:3:      layout_basic, mainiacjoe_overflow_boulevard, serial_forest,
          infiniplex_forest_lined_3, infiniplex_forest_clump_C,
          infiniplex_forest_end_2, infiniplex_forest_straight_3,
          infiniplex_forest_corner_1, infiniplex_forest_clump_large,
          infiniplex_forest_clump_medium, infiniplex_forest_fountain,
          infiniplex_forest_straight_4, infiniplex_forest_clump_medium,
          hellmonk_ecumenical_altar_watching_god, dreamdust_wishing_well,
          chequers_decorated_corner, hangedman_glass_teeth,
          hangedman_decor_clover_reticule
D:4:      gammafunk_cloud_chamber, layout_basic,
          nicolae_concentric_dashed_squares_mild, uniq_edmund
D:5:      layout_loops_corners, chequers_arboretum, hex_tiny
D:6:      layout_loops_ring, kb_lookout_dungeons_type, serial_bayou_ford_a,
          minmay_misc_feat_cross

Skill      XL: |  1  2  3  4  5  6  7 |
---------------+----------------------+-----
Conjurations   | 5 6 |  6.8
Dodging        | 2 3 |  3.4
Stealth        | 2 3 4 |  4.7
Spellcasting   | 3 4 |  4.9
Fighting       | 1 |  1.0
Short Blades   | 1 |  1.0

Action                   |  1- 3 |  4- 6 |  7- 9 || total
-------------------------+-------+-------+-------++-------
Melee: Dagger            |     9 |     7 |     2 ||    18
       Tailslap          |     2 |     1 |       ||     3
 Cast: Magic Dart        |    50 |    26 |     3 ||    79
       Searing Ray       |     7 |    44 |    15 ||    66
 Abil: Breathe Acid      |       |       |     8 ||     8
  Use: Scroll            |     4 |     6 |     3 ||    13
       Potion            |       |     1 |       ||     1
 Stab: Sleeping          |     1 |     4 |     1 ||     6
Armor: Skin              |    12 |    27 |     9 ||    48
Dodge: Dodged            |    15 |    44 |    12 ||    71
